 Dungeon Crawl Stone Soup version 0.26.1-11-gd32895ea62 (webtiles) character file.

Game seed: 1768136526128410134

301 vvl the Skirmisher (level 6, -5/48 HPs)
             Began as a Demonspawn Fighter on July 6, 2021.
             Killed from afar by Dowan (8 damage)
             ... with a stone arrow
             ... on level 4 of the Dungeon.
             The game lasted 00:05:08 (2795 turns).

vvl the Skirmisher (Demonspawn Fighter)             Turns: 2795, Time: 00:05:09

Health: -5/48      AC:  8    Str: 17    XL:     6   Next: 14%
Magic:  6/6        EV: 19    Int: 11    God:
Gold:   165        SH:  0    Dex: 12    Spells: 5/5 levels left

rFire    + + .     SeeInvis .   (weapon currently unavailable)
rCold    + + .     Faith    .   (shield currently unavailable)
rNeg     + + +     Spirit   .   (armour currently unavailable)
rPois    ∞         Reflect  .   (helmet currently unavailable)
rElec    +         Harm     .   (cloak currently unavailable)
rCorr    +         Rampage  .   (gloves currently unavailable)
Will     .....                  (boots currently unavailable)
Stlth    +.........             (amulet currently unavailable)
HPRegen  0.16/turn              (ring currently unavailable)
MPRegen  0.10/turn              (ring currently unavailable)

@: mighty, wisp-form (expiring), flying, quick
A: tiny
a: Stop Flying


You were on level 4 of the Dungeon.
You were an insubstantial wisp.
You visited 1 branch of the dungeon, and saw 4 of its levels.

You collected 165 gold pieces.

Inventory:

Hand Weapons
 a - a +0 long sword (melded)
Armour
 b - a +0 scale mail (melded)
 c - a +0 kite shield (melded)
Jewellery
 l - an uncursed ring of see invisible {unknown}
 p - a cursed ring of positive energy {unknown}
 s - an uncursed ring of protection from fire {unknown}
Scrolls
 f - 3 scrolls of identify {unknown}
 h - a scroll of amnesia {unknown}
 i - 2 scrolls of remove curse {unknown}
 j - 3 scrolls of fog {unknown}
 k - 2 scrolls of teleportation {unknown}
 n - 2 scrolls of blinking {unknown}
 r - a scroll of magic mapping {unknown}
 t - a scroll of fear {unknown}
Potions
 e - a potion of haste {unknown}
 g - 2 potions of degeneration {unknown}
 m - 2 potions of berserk rage {unknown}
 o - a potion of flight {unknown}
 q - a potion of heal wounds {unknown}


   Skills:
 + Level 3.8 Fighting
 + Level 2.6 Long Blades
 + Level 3.4 Armour
 + Level 1.8 Dodging
 + Level 3.3 Shields
 * Level 3.3 Necromancy


You had 5 spell levels left.
You didn't know any spells.
Your spell library was empty.

Dungeon Overview and Level Annotations

Branches:
Dungeon (4/15)
 Temple: D:4-7

Altars:
Cheibriados

Annotations:
D:3 2 transporters, Rallik's ghost, amateur GrFi
D:4 Dowan


Innate Abilities, Weirdness & Mutations

((You have a pair of horns on your head.))
((You are partially covered in thin metallic scales. (AC +2)))


Message History

Dowan misses you.
You barely miss Dowan.
Dowan is almost dead.
Dowan gestures wildly while chanting.
Dowan blinks!
Dowan casts a spell at you. The stone arrow hits you!
* * * LOW HITPOINT WARNING * * *
You blink.
You can't go up here!
Dowan zaps a wand.
You resist with some effort.
Dowan gestures wildly while chanting.
Dowan blinks!
You blink.
You blink.
Your transformation is almost over.
Dowan zaps a wand.
You resist with some effort. Dowan casts a spell at you.
The stone arrow hits you!
You die...

#)# #.# #.# #.####
#....# #####.#
##.###.# ####...##e#
+.......v.##
#.##.......#
#.###.###..# #.#
#.###..# #.#
#§.....# #+# #.#
#.###..# ##.#####.#
#......#
##........###.###.##
..................#


You could see Dowan (fast).

Vanquished Creatures
  Duvessa (D:4)
  A hound (D:3)
  An orc wizard (D:3)
  Natasha (twice) (D:2)
  A howler monkey skeleton (D:4)
  An adder (D:3)
  A worm (D:2)
  2 dart slugs
  2 leopard geckos (D:3)
  6 orcs (D:3)
  3 ball pythons (D:3)
  8 bats
  A giant cockroach (D:1)
  5 hobgoblins
  9 kobolds
  5 frilled lizards
  7 goblins
  6 rats
62 creatures vanquished.

Notes
Turn   | Place    | Note
-------+----------+-------------------------------------------
     0 | D:1      | vvl the Demonspawn Fighter began the quest for the Orb.
     0 | D:1      | Reached XP level 1. HP: 18/18 MP: 1/1
   290 | D:1      | Gained mutation: You have a pair of small horns on your
                  | head. [demonic ancestry]
   290 | D:1      | Reached XP level 2. HP: 24/24 MP: 2/2
   302 | D:1      | Reached skill level 1 in Necromancy
   867 | D:2      | Gained mutation: You are partially covered in thin metallic
                  | scales. (AC +2) [demonic ancestry]
   867 | D:2      | Reached XP level 3. HP: 25/29 MP: 3/3
   924 | D:2      | Noticed Natasha
   929 | D:2      | Killed Natasha
   930 | D:2      | Reached skill level 1 in Dodging
  1184 | D:2      | Found a snail-covered altar of Cheibriados.
  1652 | D:2      | Noticed Natasha
  1658 | D:2      | Killed Natasha
  1659 | D:2      | Gained mutation: You have a pair of horns on your head.
                  | [demonic ancestry]
  1659 | D:2      | Reached XP level 4. HP: 34/35 MP: 4/4
  2003 | D:3      | Reached XP level 5. HP: 33/41 MP: 5/5
  2258 | D:3      | Found a transporter.
  2271 | D:3      | Found a transporter.
  2271 | D:3      | Noticed Rallik's ghost (amateur GrFi)
  2762 | D:4      | Noticed Duvessa
  2763 | D:4      | Noticed Dowan
  2773 | D:4      | Killed Duvessa
  2774 | D:4      | Reached XP level 6. HP: 18/48 MP: 6/6
  2780 | D:4      | HP: 1/48 [Dowan/stone arrow (16)]
  2795 | D:4      | Killed from afar by Dowan

Illustrated notes

Levels and vault maps discovered:
D:1:      dpeg_arrival_chambers_temple_mockup, layout_basic
D:2:      layout_loops_corners, cheibriados_altar_1, dk_noncrumbling_3,
          uniq_natasha
D:3:      layout_rooms, gammafunk_ghost_mausoleum
D:4:      layout_loops_corners, elyvilon_altar_5, uniq_crazy_yiuf_cottage,
          uniq_pikel, uniq_duvessa

Skill      XL: |  1  2  3  4  5 |
---------------+----------------+-----
Necromancy     | 1 2 3 |  3.3
Long Blades    | 2 |  2.6
Armour         | 3 |  3.4
Dodging        | 1 |  1.8
Shields        | 3 |  3.3
Fighting       | |  3.8

Action                   |  1- 3 |  4- 6 || total
-------------------------+-------+-------++-------
Melee: Long sword        |    98 |    96 ||   194
       Headbutt          |    14 |    20 ||    34
       Unarmed           |       |     1 ||     1
  Use: Potion            |       |     1 ||     1
Armor: Scale mail        |    49 |    45 ||    94
Dodge: Dodged            |    26 |    38 ||    64
Block: Kite shield       |    52 |    57 ||   109
       Rpst.: Long sword |     5 |     9 ||    14
